 Dungeon Crawl Stone Soup version 0.32-a0-928-g1cae6b7ea0 (webtiles) character file.

Game seed: 13962767622088293291

395 Fodor the Chopper (level 6, -5/82 HPs)
             Began as a Minotaur Fighter on Apr 12, 2024.
             Slain by an orc
             ... wielding a +0 trident
              (6 damage)
             ... on level 4 of the Dungeon.
             The game lasted 00:06:28 (2034 turns).

Fodor the Chopper (Minotaur Fighter)                Turns: 2034, Time: 00:06:29

Health: -5/82      AC: 11    Str: 22    XL:     6   Next: 52%
Magic:  0/5        EV:  7    Int:  5    God:
Gold:   148        SH:  4    Dex: 10    Spells: 5/5 levels left

rFire   + . .        a - +0 war axe
rCold   . . .        c - +0 buckler
rNeg    . . .        q - +0 chain mail
rPois   .            (helmet restricted)
rElec   .            (no cloak)
rCorr   .            (no gloves)
SInv    .            h - +0 pair of boots
Will    .....        o - amulet of guardian spirit Stlth
                     r - ring of protection from fire
HPRegen 0.33/turn    (no ring)
MPRegen 0.09/turn

%: guardian spirit
@: berserking, very quick
A: horns 2, retaliatory headbutt
a: no special abilities


You were on level 4 of the Dungeon.
You visited 1 branch of the dungeon, and saw 4 of its levels.

You collected 148 gold pieces.

Inventory:

Hand Weapons
 a - a +0 war axe (weapon)
 p - a +2 flail of venom
Missiles
 g - 2 poisoned darts (quivered)
Armour
 c - a +0 buckler (worn)
 h - a +0 pair of boots (worn)
 q - a +0 chain mail (worn)
Jewellery
 o - an amulet of guardian spirit (around neck)
 r - a ring of protection from fire (left hand)
Scrolls
 b - a scroll of teleportation {unknown}
 d - a scroll of fear {unknown}
 e - 2 scrolls of poison {unknown}
 i - a scroll of blinking {unknown}
 n - 2 scrolls of identify {unknown}
Potions
 f - a potion of degeneration {unknown}
 j - a potion of mutation {unknown}
 k - a potion of attraction {unknown}
 l - a potion of berserk rage
 m - a potion of enlightenment {unknown}


   Skills:
 + Level 4.9 Fighting
 + Level 5.4 Axes
 + Level 5.3 Armour
 + Level 1.2 Dodging
 + Level 5.0 Shields


You had 5 spell levels left.
You didn't know any spells.
Your spell library contained the following spells:

 Spells                   Type           Power      Damage    Failure   Level
 Blink                    Tloc           0%         N/A       99%         2
 Lesser Beckoning         Tloc           0%         N/A       99%         2
 Momentum Strike          Conj/Tloc      0%         3d8       99%         2


Dungeon Overview and Level Annotations

Branches:
Dungeon (4/15)
 Temple: D:4-7

Altars:
Qazlal
Trog
Yredelemnul
The Shining One

Annotations:
D:4 Ijyb, Sigmund


Innate Abilities, Weirdness & Mutations

You have a pair of horns on your head.
You reflexively headbutt those who attack you in melee.


Message History

The orc hits you but does no damage. Something hits you but does no damage.
You barely miss something. Your headbutt misses something.
You closely miss something. The orc hits you but does no damage.
Something completely misses you. Something hits you but does no damage.
You barely miss something. You miss something. The orc closely misses you.
Something hits you but does no damage. x2
The orc hits you from afar with a +0 trident.
* * * LOW HITPOINT WARNING * * *
Something hits you.
* * * LOW HITPOINT WARNING * * *
Something hits you.
* * * LOW HITPOINT WARNING * * *
You completely miss something. You barely miss something.
The orc hits you from afar with a +0 trident.
* * * LOW HITPOINT WARNING * * *
Something hits you but does no damage. x2
You're too confused to move!
Sigmund gestures wildly while chanting.
Sigmund flickers and vanishes!
The orc barely misses you.
Ijyb zaps a wand.
Something hits you.
* * * LOW HITPOINT WARNING * * *
You hear some strange, mumbled words.
A puff of flame appears from out of thin air!
The puff of flame hits you. You resist.
* * * LOW HITPOINT WARNING * * *
You are too confused!
It was a potion of berserk rage.
A red film seems to cover your vision as you go berserk!
You feel yourself moving faster!
You feel mighty!
You feel less confused.
The orc hits you from afar with a +0 trident.
* * * LOW HITPOINT WARNING * * *
Something hits you but does no damage. x2
You are too berserk!
Unknown command.
You slash something!
Reactivating autopickup.
You feel a bit more experienced.
You miss something.
The orc hits you from afar with a +0 trident.
You die...

.........#.........
...#...............
...................
.......)...........
........@..<..#...
.#..#.#......## #..
###......## #
####o.....#
#.@)g{...#...
#..{##.......#
#.............
##.............
###..........
[........ #.#......
###..


You could see Ijyb and an orc.

Vanquished Creatures
  The ghost of avangion the Digger, an amateur GrEE (D:3)
  An ogre (D:3)
  An iguana (D:3)
  2 orc wizards
  4 adders
  3 gnolls (D:2)
  3 dart slugs
  A ribbon worm (D:2)
  4 orcs (D:3)
  5 endoplasms
  3 giant cockroaches
  3 goblins
  10 hobgoblins
  11 jackals
  4 ball pythons
  4 bats
  5 frilled lizards
  4 kobolds
  7 rats
76 creatures vanquished.

Notes
Turn   | Place    | Note
-------+----------+-------------------------------------------
     0 | D:1      | Fodor the Minotaur Fighter began the quest for the Orb.
     0 | D:1      | Reached XP level 1. HP: 19/19 MP: 0/0
    45 | D:1      | Reached XP level 2. HP: 19/27 MP: 1/1
   360 | D:1      | Reached XP level 3. HP: 32/33 MP: 2/2
   627 | D:1      | Found a faded altar of an unknown god.
   933 | D:2      | Reached XP level 4. HP: 36/40 MP: 3/3
  1294 | D:3      | Noticed avangion's ghost (amateur GrEE)
  1300 | D:3      | Found a transporter.
  1300 | D:3      | Noticed an ogre
  1407 | D:3      | Reached XP level 5. HP: 46/46 MP: 4/4
  1767 | D:3      | Found a stormy altar of Qazlal.
  1768 | D:3      | Found a bloodstained altar of Trog.
  1769 | D:3      | Found a basalt altar of Yredelemnul.
  1770 | D:3      | Found a glowing golden altar of the Shining One.
  1951 | D:3      | Found a transporter.
  1960 | D:3      | Killed avangion's ghost
  1961 | D:3      | Reached skill level 5 in Axes
  1961 | D:3      | Reached skill level 5 in Armour
  1961 | D:3      | Reached XP level 6. HP: 45/55 MP: 3/5
  1963 | D:3      | Reached skill level 1 in Dodging
  1963 | D:3      | Reached skill level 5 in Shields
  2009 | D:4      | Noticed Sigmund
  2022 | D:4      | Noticed Ijyb
  2033 | D:4      | HP: 1/82 [orc/+0 trident (5)]
  2034 | D:4      | Slain by an orc

Illustrated notes

Levels and vault maps discovered:
D:1:      ncdulo_wetmaze, layout_loops_ring, dilly_ecumenical_altar_fadedgnrine,
          serial_bayou_lagoon_b
D:2:      layout_rooms
D:3:      layout_rooms, mainiacjoe_overflow_alcove_3, gammafunk_ghost_smash
D:4:      layout_cave_pools, uniq_pikel, uniq_sigmund, uniq_grinder, uniq_ijyb

Skill      XL: |  1  2  3  4  5  6 |
---------------+-------------------+-----
Shields        | 4 5 |  5.0
Armour         | 4 5 |  5.3
Fighting       | 4 |  4.9
Axes           | 3 4 5 |  5.4
Dodging        | 1 |  1.2

Action                     |  1- 3 |  4- 6 || total
---------------------------+-------+-------++-------
  Melee: War axe           |    74 |    91 ||   165
         Headbutt          |     9 |     8 ||    17
    Use: Potion            |       |     2 ||     2
 Armour: Scale mail        |    50 |    46 ||    96
         Chain mail        |       |    75 ||    75
  Dodge: Dodged            |    40 |    45 ||    85
  Block: Buckler           |    22 |    24 ||    46

Table legend: (Time is in decaauts)
 A = Elapsed time spent in this place.
 B = Non-inter-level travel time spent in this place.
 C = Inter-level travel time spent in this place.
 D = Time resting spent in this place.
 E = Time spent auto-exploring this place.
 F = Levels seen in this place.
 G = Mean time per level.
                   A        B        C        D        E       F      G
               +--------+--------+--------+--------+--------+-----+--------+
         Total |   2108 |   2096 |     12 |      0 |   1310 |   4 |  527.0 |
       Dungeon |   2108 |   2096 |     12 |      0 |   1310 |   4 |  527.0 |
               +--------+--------+--------+--------+--------+-----+--------+

Top non-repeatable levels by time:
     D:1: 821 daAuts
     D:3: 757 daAuts
     D:2: 500 daAuts
     D:4: 29 daAuts
